 Dungeon Sprint DCSS version 0.27.1-33-g824d729ab1 (webtiles) character file.

Game seed: 18112004504818601254

103 manyhoops the Magician (level 4, 0/36 HPs)
             Began as a Deep Dwarf Earth Elementalist on Nov 28, 2021.
             Slain by Sigmund (9 damage)
             ... in the Dungeon (Sprint I: "Red Sonja").
             The game lasted 00:00:21 (72 turns).

manyhoops the Magician (DDEE)                         Turns: 72, Time: 00:00:22

Health: 0/36       AC:  2    Str: 13    XL:     4   Next: 51%
Magic:  4/13       EV: 12    Int: 15    God:
Gold:   54         SH:  0    Dex: 13    Spells: 17/18 levels left

rFire    . . .     SeeInvis .   (no weapon)
rCold    . . .     Faith    .   (no shield)
rNeg     . . .     Spirit   .   b - +0 robe
rPois    .         Reflect  .   (no helmet)
rElec    .         Harm     .   (no cloak)
rCorr    .         Rampage  .   (no gloves)
Will     .....     NoTele   +   (no boots)
Stlth    ++........             (no amulet)
HPRegen  0.00/turn              (no ring)
MPRegen  0.13/turn              (no ring)

@: no status effects
A: damage resistance, heal wounds, sense surroundings 1, no regeneration
a: Heal Wounds


You were in the Dungeon.
You visited 1 branch You collected 54 gold pieces.

Inventory:

Missiles
 i - 23 stones
Armour
 b - a +0 robe (worn)
Wands
 a - a wand of flame (21)
Scrolls
 h - a scroll of blinking
Potions
 c - a potion of curing
 d - a potion of heal wounds
 e - a potion of haste
 f - 2 potions of magic


   Skills:
 - Level 2.1 Dodging
 - Level 2.4 Stealth
 + Level 7.8 Spellcasting
 - Level 0.8 Transmutations
 - Level 4.0 Earth Magic


You had 17 spell levels left.
You knew the following spells:

 Your Spells              Type           Power      Damage    Failure   Level
a - Sandblast             Erth           34%        2d9       2%          1

Your spell library contained the following spells:

 Spells                   Type           Power      Damage    Failure   Level
 Passwall                 Tmut/Erth      10%        N/A       7%          2
 Stone Arrow              Conj/Erth      22%        3d8       16%         3
 Petrify                  Tmut/Erth      13%        N/A       41%         4


Dungeon Overview and Level Annotations

Branches:
Dungeon (1/1)

Altars:

Annotations:
D Sigmund


Innate Abilities, Weirdness & Mutations

You are resistant to damage.
You can heal yourself by infusing magical energy.
You passively map a small area around you.
You do not regenerate.


Message History

Press: ? - help, Shift-Dir - straight line, f/p - ogre
Aim: an ogre, wielding a +0 giant club (severely wounded, 90% to hit)
The blast of sand hits the ogre!
You kill the ogre!
Your Spellcasting skill gained 2 levels and is now at level 7!
You have reached level 3!
Your experience leads to an increase in your attributes!
Increase (S)trength, (I)ntelligence, or (D)exterity?
You feel stronger.
You have reached level 4!
You feel stronger.
There is an open door here.
You see here a +0 giant club.
You open the door.
Found 54 gold pieces.
There is an open door here.
You now have 27 gold pieces.
You now have 54 gold pieces (gained 27).
There is an open door here.
You open the door.
Sigmund the Dreaded comes into view.
He is wielding a +0 scythe.
Unknown command.
Casting: Sandblast (safe; 2% risk of failure)
Confirm with . or Enter, or press ? or * to list all spells.
Aiming: Sandblast (safe; 2% risk of failure)
Press: ? - help, Shift-Dir - straight line, f - Sigmund
Aim: Sigmund, wielding a +0 scythe and wearing a +0 robe (asleep, 100% to hit)
The blast of sand hits Sigmund.
Sigmund is lightly wounded.
Sigmund shouts!
Unknown command.
Casting: Sandblast (safe; 2% risk of failure)
Confirm with . or Enter, or press ? or * to list all spells.
Aiming: Sandblast (safe; 2% risk of failure)
Press: ? - help, Shift-Dir - straight line, f/p - Sigmund
Aim: Sigmund, wielding a +0 scythe and wearing a +0 robe (lightly wounded, 77% to hit)
The blast of sand hits Sigmund!
Sigmund is moderately wounded.
Sigmund hits you from afar with a +0 scythe!
You die...

#############
#<.#..)..#..+
*,
#..)..#..'@.#
,+ #..#####@#
_ #..# #..#,
* #..#_ ####,
* * #..#_ _
*+ #⌠⌠# _ ≈
#### * * _ ,
, , ,


You could see Sigmund.

Vanquished Creatures
  An ogre (D)
  Ijyb (D)
2 creatures vanquished.

Notes
Turn   | Place    | Note
-------+----------+-------------------------------------------
     0 | D        | manyhoops the Deep Dwarf Earth Elementalist began the quest
                  | for the Orb.
     0 | D        | Reached XP level 1. HP: 15/15 MP: 3/3
     1 | D        | Noticed Ijyb
    17 | D        | Killed Ijyb
    18 | D        | Reached skill level 5 in Spellcasting
    18 | D        | Reached XP level 2. HP: 9/22 MP: 1/8
    56 | D        | Noticed an ogre
    59 | D        | Killed an ogre
    60 | D        | Reached skill level 7 in Spellcasting
    60 | D        | Reached XP level 3. HP: 7/28 MP: 4/12
    60 | D        | Reached XP level 4. HP: 9/36 MP: 4/13
    70 | D        | Noticed Sigmund
    72 | D        | Slain by Sigmund

Illustrated notes

Levels and vault maps discovered:
D:        dungeon_sprint_1 [red_sonja_temple_1, red_sonja_temple_small_1]

Skill      XL: |  1  2 |
---------------+-------+-----
Spellcasting   | 5 7 |  7.8
Dodging        | |  2.1
Stealth        | |  2.4
Transmutations | |  0.8
Earth Magic    | |  4.0

Action                   |  1- 3 |  4- 6 || total
-------------------------+-------+-------++-------
Melee: Unarmed           |    13 |       ||    13
 Cast: Sandblast         |     5 |     2 ||     7
  Use: Potion            |     1 |       ||     1
Dodge: Dodged            |     5 |       ||     5
